 Dungeon Crawl Stone Soup version 0.19-a0-1773-gaa448fe (webtiles) character file.

720 useraccount the Poker (level 7, -2/49 HPs)
             Began as an Octopode Monk on Oct 30, 2016.
             Slain by a human zombie (6 damage)
             ... in an ossuary.
             The game lasted 00:04:35 (3851 turns).

useraccount the Poker (Octopode Monk)               Turns: 3851, Time: 00:04:35

Health: -2/49      AC:  1    Str: 10    XL:     7   Next: 70%
Magic:  7/7        EV: 19    Int: 12    God:
Gold:   234        SH:  0    Dex: 17    Spells: 0 memorised, 6 levels left

rFire  . . .     SeeInvis .     a - +2 spear (venom)
rCold  . . .     Gourm    .     (no shield)
rNeg   . . .     Faith    .     (helmet restricted)
rPois  .         Spirit   .     (no amulet)
rElec  .         Dismiss  .     m - ring of resist corrosion
rCorr  +         Reflect  .     q - +3 ring of evasion
MR     .....     Harm     .     (no ring)
Stlth  ++++......               (no ring)
                                (no ring)
                                (no ring)
                                (no ring)
                                (no ring)

@: marked
A: almost no armour, stealthy swim, amphibious, 8 rings, constrict 8, camouflage
1, gelatinous body 1
a: no special abilities


You were in an ossuary.
You were not hungry.

You visited 1 branch of the dungeon, and saw 5 of its levels.
You also visited: Ossuary.

You collected 234 gold pieces.

Inventory:

Hand Weapons
 a - a +2 spear of venom (weapon)
 b - a +0 trident of freezing
Jewellery
 m - a ring of resist corrosion (left tentacle)
 q - a +3 ring of evasion (right tentacle)
Wands
 w - a wand of iceblast (5/15)
Scrolls
 d - a scroll of blinking {unknown}
 e - 4 scrolls of magic mapping {unknown}
 g - 3 scrolls of amnesia {unknown}
 h - 3 scrolls of remove curse {unknown}
 j - a scroll of immolation {unknown}
 n - 2 scrolls of identify {unknown}
 o - 2 scrolls of teleportation {unknown}
 s - 2 scrolls of enchant armour {unknown}
 y - a scroll of noise {unknown}
Potions
 f - 4 potions of degeneration {unknown}
 i - a potion of ambrosia {unknown}
 l - 4 potions of agility {unknown}
 r - a potion of might {unknown}
 u - a potion of brilliance {unknown}
 v - a potion of curing
 x - a potion of mutation {unknown}
Books
 A - a book of Geomancy

   Spells                             Type                      Level
   a - Sandblast                      Earth                        1
   b - Passwall                       Transmutation/Earth          2
   c - Stone Arrow                    Conjuration/Earth            3
   d - Petrify                        Transmutation/Earth          4
   e - Lee's Rapid Deconstruction     Earth                        5
Comestibles
 c - 2 slices of pizza
 k - 4 meat rations
 p - 3 fruits
 t - 2 bread rations


   Skills:
 + Level 4.8 Fighting
 * Level 6.0 Polearms
 + Level 4.8 Dodging
 + Level 5.4 Stealth


You had 6 spell levels left.
You didn't know any spells.

Dungeon Overview and Level Annotations

Branches:
Dungeon (5/15)
 Temple: D:4-7

Altars:
Gozag
Uskayaw


Innate Abilities, Weirdness & Mutations

You cannot wear most types of armour.
You are very stealthy in the water.
You are amphibious.
You can wear up to eight rings at the same time.
You can use your tentacles to constrict eight enemies at once.
Your skin changes colour to match your surroundings (Stealth+).
Your rubbery body absorbs attacks. (AC +1, EV +1)


Message History

Attack whom?
Press: ? - help, Dir - move target cursor, f/p - human zombie
Aim: a human zombie (lightly damaged)
You hit the human zombie. You grab the human zombie.
You squeeze the human zombie.
The human zombie is lightly damaged.
You constrict the human zombie. The human zombie completely misses you.
You hit the human zombie. You squeeze the human zombie!
The human zombie is heavily damaged.
You constrict the human zombie. You hit the human zombie.
The human zombie is heavily damaged.
You constrict the human zombie. The human zombie misses you.
You hit the human zombie.
The human zombie is heavily damaged.
You constrict the human zombie. You hit the human zombie.
The human zombie is severely damaged.
You constrict the human zombie. The human zombie hits you.
You die...

#....................#
#....................#
#........8..8........#
#....................#
#...######..######...#
#...# #..# #...# #...#
#.^# #...#
#...#.####..####.#...#
#...#...@Z.......#...#
#...#.####.......#...#
#...# #.......#...#
#...# #.......#...#
#...# #.∩.....#...#
#...# ....+####...#
#...# #...# #...#
#...# ...# #...#
#...##############...#


You could see a human zombie.

Vanquished Creatures
  Edmund (D:4)
  An ogre (D:4)
  An elf zombie (Ossuary)
  A crimson imp (D:3)
  A human zombie (Ossuary)
  An orc priest (D:3)
  2 orc wizards
  2 worker ants (D:4)
  2 mummies (Ossuary)
  8 gnolls
  6 adders
  An ooze (D:2)
  2 worms
  A dart slug (D:2)
  2 leopard geckos
  2 orcs
  A ball python (D:2)
  3 giant cockroaches
  3 goblins (D:1)
  5 hobgoblins
  8 jackals
  3 quokkas
  10 bats
  2 frilled lizards (D:2)
  10 hobgoblin zombies (Ossuary)
  A jackal zombie (Ossuary)
  10 kobolds
  6 kobold zombies (Ossuary)
  11 orc zombies (Ossuary)
  8 rats
115 creatures vanquished.

Vanquished Creatures (others)
  4 toadstools (D:1)
4 creatures vanquished.

Grand Total: 119 creatures vanquished

Notes
Turn   | Place    | Note
-------+----------+-------------------------------------------
     0 | D:1      | useraccount the Octopode Monk began the quest for the Orb.
     0 | D:1      | Reached XP level 1. HP: 16/16 MP: 1/1
   284 | D:1      | Reached XP level 2. HP: 19/21 MP: 2/2
   629 | D:2      | Reached XP level 3. HP: 26/26 MP: 3/3
   649 | D:2      | Found an opulent altar of Gozag.
  1148 | D:2      | Reached XP level 4. HP: 25/31 MP: 4/4
  1426 | D:3      | Reached skill level 4 in Polearms
  1431 | D:3      | Reached XP level 5. HP: 31/37 MP: 5/5
  2688 | D:3      | Reached XP level 6. HP: 20/43 MP: 6/6
  2933 | D:4      | Found a hide-covered altar of Uskayaw.
  2939 | D:4      | Noticed a dagger
  2943 | D:4      | Noticed a dagger
  2957 | D:4      | Reached skill level 5 in Polearms
  3249 | D:4      | Noticed Edmund
  3261 | D:4      | Reached XP level 7. HP: 29/49 MP: 7/7
  3524 | D:4      | Killed Edmund
  3524 | D:4      | Reached skill level 5 in Stealth
  3617 | D:5      | Entered Level 5 of the Dungeon
  3667 | D:5      | Found a sand-covered staircase.
  3687 | Ossuary  | Entered an ossuary
  3845 | Ossuary  | Reached skill level 6 in Polearms
  3851 | Ossuary  | Slain by a human zombie

Vault maps used:
D:1:      ldierk_water_garden
D:2:      grunt_gozag_statues
D:3:      serial_curves, eino_curves_03, eino_curves_02,
          minmay_misc_feat_four_crosses, serial_bayou_crossing
D:4:      dancing_weapons_uskayaw, uniq_edmund
D:5:      nicolae_ossuary_entry_monument, first_bread,
          kennysheep_generic_room_9, uniq_duvessa
Ossuary:  ossuary_tomb_1

Skill      XL: |  1  2  3  4  5  6  7 |
---------------+----------------------+-----
Stealth        | 3 4 5 |  5.4
Polearms       | 4 5 6 |  6.0
Dodging        | 4 |  4.8
Fighting       | 4 |  4.8

Action                   |  1- 3 |  4- 6 |  7- 9 || total
-------------------------+-------+-------+-------++-------
Melee: Spear             |    73 |    95 |   115 ||   283
       Constrict         |     9 |    18 |    26 ||    53
       Tentacles         |     7 |    17 |    22 ||    46
 Stab: Sleeping          |    18 |     5 |     6 ||    29
       Distracted        |       |     1 |       ||     1
  Eat: Chunk             |     1 |     6 |     2 ||     9
Armor: Skin              |       |     3 |       ||     3
Dodge: Dodged            |    30 |    47 |    50 ||   127
